 Dungeon Crawl Stone Soup version 0.29-a0-468-ge57f7f99b4 (webtiles) character file.

Game seed: 15906386410565708528

60 bladeefan the Ruffian (level 3, -7/37 HPs)
             Began as a Troll Cinder Acolyte on May 21, 2022.
             Was a High Priest of Ignis.
             Mangled by a gnoll
             ... wielding a +0 halberd
              (8 damage)
             ... on level 2 of the Dungeon.
             The game lasted 00:02:13 (1194 turns).

bladeefan the Ruffian (Troll Cinder Acolyte)        Turns: 1194, Time: 00:02:14

Health: -7/37      AC:  5    Str: 24    XL:     3   Next: 82%
Magic:  3/3        EV:  9    Int: 10    God:    Ignis [*****.]
Gold:   109        SH:  0    Dex:  5    Spells: 4/4 levels left

rFire   + . .      SeeInvis .     - Unarmed
rCold   . . .      Faith    .   (no shield)
rNeg    . . .      Spirit   .   a - +1 robe
rPois   .          Reflect  .   (helmet restricted)
rElec   .          Harm     .   (no cloak)
rCorr   .          Rampage  .   (gloves unavailable)
Will    .....                   (boots unavailable)
Stlth   +.........              (no amulet)
HPRegen 0.92/turn               (no ring)
MPRegen 0.08/turn               (no ring)

@: no status effects
A: large, unfitting armour, claws 3, regeneration 1, shaggy fur 1, tough skin 1
a: Renounce Religion, Fiery Armour, Foxfire Swarm, Rising Flame


You were on level 2 of the Dungeon.
You worshipped Ignis.
Ignis was extremely pleased with you.
You visited 1 branch of the dungeon, and saw 2 of its levels.

You collected 109 gold pieces.

Inventory:

Armour
 a - a +1 robe (worn)
Jewellery
 b - an amulet of the acrobat
   (You found it on level 1 of the Dungeon)
 m - a +6 ring of strength
   (You found it on level 1 of the Dungeon)
Scrolls
 c - a scroll of amnesia
 d - a scroll of identify {unknown}
 h - a scroll of fog {unknown}
Potions
 e - a potion of ambrosia {unknown}
 f - 4 potions of curing {unknown}
 g - a potion of attraction {unknown}
 i - 2 potions of lignification {unknown}
 j - a potion of resistance {unknown}


   Skills:
 + Level 3.0 Fighting
 * Level 4.3 Unarmed Combat
 - Level 1.0 Spellcasting
 - Level 2.1 Fire Magic


You had 4 spell levels left.
You didn't know any spells.
Your spell library contained the following spells:

 Spells                   Type           Power      Damage    Failure   Level
 Scorch                   Fire           8%         2d5       22%         2


Dungeon Overview and Level Annotations

Branches:
Dungeon (2/15)

Altars:
Kikubaaqudgha


Innate Abilities, Weirdness & Mutations

You are too large for most types of armour.
You have claws for hands.
Your natural rate of healing is unusually fast.
You are covered in fur. (AC +1)
You have tough skin. (AC +1)


Message History

Found 3 poisoned darts.
You now have 99 gold pieces (gained 13).
Found 7 gold pieces.
A ball python comes into view.
The ball python hisses angrily.
A ball python is nearby!
You closely miss the ball python. The ball python barely misses you.
You barely miss the ball python. The ball python bites you.
You completely miss the ball python. The ball python barely misses you.
You claw the ball python!
You kill the ball python!
No target in view!
No target in view!
No target in view!
No target in view!
No target in view!
No target in view!
No target in view!
No target in view!
No target in view!
You now have 106 gold pieces (gained 7).
You open the door.
There is an open door here.
Found a hand axe.
You see here a +0 hand axe.
Key pressed, stopping explore.
Key pressed, stopping explore.
Found 3 gold pieces.
You now have 109 gold pieces (gained 3). 2 gnolls come into view.
The gnoll shouts!
A gnoll comes into view. It is wielding a +0 flail.
The gnoll shouts!
You barely miss the gnoll. The gnoll hits you with a +0 whip.
You claw the gnoll! The gnoll hits you with a +0 whip.
You closely miss the gnoll. The gnoll hits you but does no damage.
You barely miss the gnoll. The gnoll hits you with a +0 flail.
The gnoll misses you. The gnoll hits you with a +0 whip.
You barely miss the gnoll. The gnoll hits you with a +0 whip!
* * * LOW HITPOINT WARNING * * *
The gnoll barely misses you.
The gnoll hits you from afar with a +0 halberd.
* * * LOW HITPOINT WARNING * * *
Activating: Foxfire Swarm Flames leap up around you!
The gnoll hits you with a +0 flail!
* * * LOW HITPOINT WARNING * * *
The gnoll hits you with a +0 whip.
* * * LOW HITPOINT WARNING * * *
The gnoll hits you from afar with a +0 halberd!
You die...

##......#.....##..........
......#..[..##..........
......+(.........†......
..... #.....#...........
..... #######...........
...... #.##'#######
.....v#######.##.#
.....gggvv....##.#
##@########.#### #
#vvv#..........#
#.###v#.#####.##.#
#.....#.# #.##.# ####..#.#
#.##.# #..#.#####.##.####
.####..#.#.^..........
#...............##.####
#..................)...


You could see 3 gnolls.

Vanquished Creatures
  An adder (D:2)
  A worm (D:2)
  2 dart slugs (D:1)
  3 bats
  2 endoplasms
  2 giant cockroaches (D:1)
  4 goblins
  4 hobgoblins (D:1)
  3 jackals (D:2)
  5 kobolds
  A quokka (D:1)
  5 ball pythons
  3 frilled lizards (D:1)
  6 rats
42 creatures vanquished.

Notes
Turn   | Place    | Note
-------+----------+-------------------------------------------
     0 | D:1      | bladeefan the Troll Cinder Acolyte began the quest for the
                  | Orb.
     0 | D:1      | Reached XP level 1. HP: 22/22 MP: 1/1
   171 | D:1      | Reached XP level 2. HP: 29/29 MP: 2/2
   548 | D:1      | Reached XP level 3. HP: 36/36 MP: 3/3
   611 | D:1      | Found a faded altar of an unknown god.
   799 | D:2      | Reached skill level 4 in Unarmed Combat
  1092 | D:2      | Found an ancient bone altar of Kikubaaqudgha.
  1194 | D:2      | HP: 1/37 [gnoll/+0 whip (4)]
  1194 | D:2      | Mangled by a gnoll

Illustrated notes

Levels and vault maps discovered:
D:1:      lightli_arrival_statuegarden, layout_loops_ring, serial_rivers,
          chequers_serial_rivers_small_a, chequers_serial_rivers_micro_c,
          chequers_serial_rivers_room_a, chequers_serial_rivers_marsh,
          chequers_serial_rivers_small_3, shapermc_ecumenical_altar_ellora
D:2:      layout_basic, basic_altar, lemuel_old_faithful

Skill      XL: |  1  2  3 |
---------------+----------+-----
Unarmed Combat | 4 |  4.3
Fighting       | 3 |  3.0
Spellcasting   | |  1.0
Fire Magic     | |  2.1

Action                   || total
-------------------------++-------
Melee: Unarmed           ||    96
       Punch             ||     1
Invok: Foxfire Swarm     ||     1
  Use: Scroll            ||     5
Armor: Robe              ||    39
Dodge: Dodged            ||    52

Table legend: (Time is in decaauts)
 A = Elapsed time spent in this place.
 B = Non-inter-level travel time spent in this place.
 C = Inter-level travel time spent in this place.
 D = Time resting spent in this place.
 E = Time spent auto-exploring this place.
 F = Levels seen in this place.
 G = Mean time per level.
                   A        B        C        D        E       F      G
               +--------+--------+--------+--------+--------+-----+--------+
         Total |   1192 |   1187 |      5 |      0 |    921 |   2 |  596.0 |
       Dungeon |   1192 |   1187 |      5 |      0 |    921 |   2 |  596.0 |
               +--------+--------+--------+--------+--------+-----+--------+

Top non-repeatable levels by time:
     D:1: 796 daAuts
     D:2: 395 daAuts
